Map: Ever Dream LE

Players

Massa - Winner!

  • Race: Terran Terran
  • League: Gold
  • Spawn Location: 7:00

qqq

  • Race: Zerg Zerg
  • League: Platinum
  • Spawn Location: 1:00

VOD

Have the link to the VOD?

Description

Time

  • Played on: April 13, 2020, 6:31 a.m.
  • Length: 13:31
Show
View Real Time Build Order
Export as new Build Order

Massa Terran - Winner!

Build Orders:  

Get SALT Encoding   

  12  0:13  Supply Depot  
  12  0:14  SCV  
  13  0:26  SCV  
  14  0:38  SCV  
  14  0:39  Barracks  
  15  0:50  SCV  
  15  0:53  Refinery  
  16  1:02  SCV  
  17  1:10  Supply Depot  
  17  1:14  SCV  
  18  1:26  SCV  
  19  1:35  Engineering Bay  
  19  1:38  SCV  
  20  1:42  Marine  
  21  1:50  SCV  
  22  1:57  Factory  
  22  2:04  Refinery  
  22  2:15  Orbital Command  
  22  2:19  Barracks Reactor  
  22  2:55  Command Center  
  22  3:06  Hellion x2  
  22  3:12  SCV  
  27  3:24  Barracks Tech Lab, SCV  
  28  3:28  Hellion  
  30  3:36  SCV  
  30  3:38  Supply Depot  
  31  3:41  Supply Depot  
  31  3:44  Supply Depot  
  31  3:50  SCV, Hellion  
  34  4:02  SCV  
  35  4:03  Hellion  
  35  4:07  Terran Infantry Weapons Level 1  
  37  4:11  Hellion  
  37  4:14  SCV  
  40  4:19  Supply Depot  
  40  4:25  Hellion  
  40  4:26  SCV  
  44  4:31  SCV  
  44  4:38  SCV  
  45  4:42  Bunker  
  45  4:43  SCV  
  42  4:55  SCV  
  41  5:07  SCV  
  38  5:19  SCV  
  39  5:25  Marauder  
  41  5:31  SCV x2  
  41  5:33  Barracks  
  47  5:42  Hellion  
  47  5:43  SCV, Hellion  
  47  5:44  SCV  
  47  5:46  Marauder  
  51  5:55  SCV  
  51  5:56  Missile Turret  
  52  6:02  Missile Turret  
  56  6:04  Hellion x2, Missile Turret  
  56  6:07  SCV  
  56  6:08  Orbital Command, Marauder  
  57  6:17  Missile Turret  
  55  6:19  SCV  
  55  6:25  Missile Turret  
  54  6:29  Marauder  
  54  6:31  Refinery, SCV  
  57  6:40  Missile Turret  
  57  6:42  Hellion  
  57  6:43  Hellion  
  57  6:44  Barracks Reactor  
  61  6:49  Refinery  
  61  6:51  Marauder  
  61  6:52  Sensor Tower  
  63  7:04  Hellion x2  
  67  7:12  Marauder  
  69  7:23  Command Center  
  69  7:25  Hellion x2  
  73  7:30  Factory  
  73  7:33  Marauder  
  75  7:38  Armory  
  75  7:39  Terran Infantry Armor Level 1  
  75  7:45  Engineering Bay  
  75  7:48  Starport  
  75  7:59  Marine x2  
  77  8:13  Neosteel Armor  
  77  8:16  Marine  
  77  8:17  Marine  
  79  8:24  Supply Depot  
  79  8:25  Starport  
  79  8:26  Armory  
  79  8:29  Viking  
  78  8:34  Marine x2  
  78  8:47  Supply Depot  
  77  8:51  Barracks  
  77  8:52  Marine x2  
  77  8:59  Viking  
  65  9:10  Marine x2  
  53  9:25  Factory Tech Lab  
  53  9:28  Marine x2  
  57  9:31  Marauder  
  57  9:37  SCV x2  
  59  9:43  SCV  
  60  9:45  Marine  
  60  9:49  SCV x2  
  65  9:53  Marauder  
  65  9:55  SCV, Missile Turret  
  66  10:00  Sensor Tower  
  66  10:01  Barracks Reactor, SCV x2  
  66  10:03  Terran Infantry Armor Level 2, Barracks, Terran Infantry Weapons Level 2  
  66  10:06  Terran Vehicle Weapons Level 1  
  68  10:07  SCV  
  68  10:11  Starport Reactor  
  68  10:13  SCV x2, Viking  
  73  10:16  Missile Turret  
  73  10:19  SCV  
  70  10:22  Hellion x2  
  70  10:25  SCV x2  
  76  10:31  SCV  
  77  10:38  SCV x2  
  79  10:43  SCV, Viking  
  79  10:44  Hellion  
  84  10:53  Command Center  
  84  10:57  Command Center  
  84  11:00  Terran Vehicle And Ship Armor Level 1  
  84  11:02  Barracks Reactor  
  84  11:08  Marauder, Marine x2  
  84  11:09  Marine x2  
  90  11:18  Starport Tech Lab  
  90  11:26  Marine x3  
  90  11:27  Refinery  
  90  11:30  Marauder, Thor  
  101  11:33  Hellion x2  
  105  11:51  Marauder  
  107  11:54  Hellion x2  
  107  11:56  Marine x5  
  107  11:57  Marine  
  117  12:01  Cloaking Field  
  117  12:04  Banshee  
  120  12:09  Orbital Command  
  120  12:10  Orbital Command  
  120  12:12  Marauder  
  120  12:13  Siege Tank  
  120  12:14  Marine x6  
  131  12:16  Hellion x2  
  131  12:19  Supply Depot  
  131  12:21  Supply Depot  
  135  12:29  Missile Turret  
  135  12:32  Marine x3  
  135  12:33  Viking x2  
  135  12:34  Marauder  
  146  12:37  Hellion  
  146  12:40  Hellion  
  146  12:42  Supply Depot  
  148  12:44  Supply Depot  
  148  12:47  Banshee  
  148  12:50  Missile Turret  
  151  12:55  Marauder  
  153  13:04  Sensor Tower, Supply Depot  
  157  13:08  Supply Depot  
  157  13:10  Missile Turret  
Show
View Real Time Build Order
Export as new Build Order

qqq Zerg 

Build Orders: Hatch First 

Get SALT Encoding   

  12  0:17  Drone  
  12  0:18  Drone  
  14  0:38  Hatchery  
  13  0:53  Spawning Pool  
  12  1:11  Overlord  
  12  1:12  Drone x2  
  12  1:16  Extractor  
  13  1:24  Drone  
  14  1:44  Queen  
  14  1:45  Overlord  
  16  1:54  Drone  
  16  1:56  Drone  
  16  1:59  Queen  
  20  2:12  Zergling x4  
  20  2:14  Zergling x2  
  23  2:17  Drone  
  24  2:48  Zergling x4  
  24  2:49  Zergling x2  
  24  2:50  Zergling x4  
  24  2:51  Zergling x2  
  30  3:14  Zergling x4  
  32  3:21  Zergling x4  
  32  3:23  Metabolic Boost  
  32  3:25  Lair  
  34  3:53  Zergling x2  
  34  3:54  Zergling x2, Overlord  
  34  3:55  Overlord x3  
  36  4:15  Zergling x6  
  36  4:16  Zergling x8  
  43  4:19  Zergling x2  
  44  4:28  Drone  
  45  4:32  Drone x2  
  36  5:02  Zergling x10  
  36  5:03  Zergling x2  
  30  5:20  Zergling x10, Spire  
  34  5:26  Drone  
  36  5:28  Zergling x2  
  36  5:30  Zergling x2  
  37  5:50  Drone x2  
  37  5:51  Zergling x4  
  37  5:52  Zergling x2  
  37  5:56  Extractor  
  30  6:25  Drone x3  
  32  6:27  Zergling x8  
  36  6:35  Mutalisk x2  
  36  6:36  Mutalisk x2  
  44  6:44  Extractor, Drone  
  44  6:47  Zergling x4  
  46  6:58  Drone  
  46  7:00  Drone  
  46  7:01  Drone x2  
  50  7:02  Mutalisk  
  52  7:13  Mutalisk  
  54  7:38  Drone x3  
  54  7:39  Mutalisk  
  54  7:41  Zergling x2  
  60  7:52  Zerg Flyer Weapons Level 1  
  60  8:06  Infestation Pit  
  59  8:20  Hatchery  
  58  8:35  Mutalisk  
  58  8:37  Overlord x5  
  60  9:02  Zergling x10  
  56  9:03  Zergling x2  
  56  9:13  Drone x3  
  56  9:15  Hive  
  57  9:18  Spine Crawler  
  56  9:28  Mutalisk x2  
  60  9:40  Queen  
  60  9:41  Drone  
  60  9:44  Drone x3  
  66  9:45  Mutalisk  
  66  9:46  Mutalisk  
  70  9:56  Spine Crawler  
  69  10:00  Drone x2  
  71  10:12  Hatchery  
  66  10:30  Greater Spire  
  66  10:32  Corruptor x2  
  66  10:33  Corruptor x2  
  74  11:17  Corruptor x2  
  74  11:18  Corruptor  
  80  11:29  Mutalisk, Corruptor  
  80  11:32  Drone x4  
  88  11:33  Drone x2  
  88  11:34  Drone  
  91  11:40  Extractor  
  91  11:42  Queen  
  91  11:43  Drone  
  93  12:07  Brood Lord  
  95  12:27  Brood Lord  
  95  12:29  Drone  
  98  12:30  Drone x2  
  98  12:31  Drone x5  
  98  12:32  Drone  
  98  12:34  Extractor  
  98  12:35  Drone  
  98  12:36  Drone x4  
  110  12:38  Mutalisk  
  112  12:57  Overlord x4  
  112  12:58  Overlord  
Tags
 
Matchup
TvZ
Replay Pack
Multiplayer
Spawn Locations
Cross Positions
Add a new tag
Caveats
  • Supply blocks, unpowered buildings, or Contaminate may cause inaccurate times.
  • Supply counts are checked every 10 seconds.